2283 views
Uploaded 2022-05-18 22:44:45
Game version 1.32.10
63:59 long 3on3 ladder game on (6)GnollWood
Saved by Cabeelibob
2283 views
Uploaded 2022-05-18 22:44:45
Game version 1.32.10
63:59 long 3on3 ladder game on (6)GnollWood


237 units @ 37.5k
/ 5.3k
146 buildings @ 20.1k
/ 10.1k


| Scroll of Protection | 1 | 150 |
| total: | 1 | 150g |
| Acolyte | 23 | 1725 | / | 0 |
| Ghoul | 8 | 960 | / | 0 |
| Crypt Fiend | 31 | 6665 | / | 1240 |
| Gargoyle | 1 | 175 | / | 30 |
| Frost Wyrm | 5 | 1925 | / | 600 |
| Meat Wagon | 8 | 1840 | / | 400 |
| Forest Troll Shadow Priest | 1 | 195 | / | 10 |
| Ogre Mauler | 1 | 300 | / | 0 |
| total: | 78 | 13785g | / | 2280w |
| Spirit Tower | 8 | 1160 | / | 320 |
| Nerubian Tower | 2 | 200 | / | 40 |
| Crypt | 2 | 400 | / | 100 |
| Ziggurat | 21 | 3150 | / | 1050 |
| Graveyard | 1 | 215 | / | 0 |
| Altar of Darkness | 1 | 180 | / | 50 |
| Necropolis | 1 | 225 | / | 0 |
| Slaughterhouse | 2 | 280 | / | 270 |
| Boneyard | 2 | 350 | / | 400 |
| Halls of the Dead | 2 | 640 | / | 420 |
| Black Citadel | 1 | 325 | / | 230 |
| total: | 30 | 4800g | / | 1870w |
| 0:05 | Acolyte |
| 0:06 | Acolyte |
| 0:28 | Crypt |
| 0:37 | Acolyte |
| 0:49 | Ziggurat |
| 1:08 | Graveyard |
| 1:19 | Altar of Darkness |
| 1:30 | Ghoul |
| 1:30 | Ghoul |
| 2:08 | Ghoul |
| 2:14 | Ziggurat |
| 2:51 | Ziggurat |
| 3:06 | Crypt Fiend |
| 3:15 | Spirit Tower |
| 3:19 | Crypt Fiend |
| 3:37 | Crypt |
| 4:15 | Death Coil |
| 4:30 | Crypt Fiend |
| 4:41 | Crypt Fiend |
| 5:10 | Crypt Fiend |
| 5:10 | Crypt Fiend |
| 5:55 | Death Pact |
| 6:19 | Crypt Fiend |
| 6:19 | Crypt Fiend |
| 6:38 | Crypt Fiend |
| 6:59 | Acolyte |
| 7:35 | Crypt Fiend |
| 8:02 | Scroll of Protection |
| 8:20 | Ziggurat |
| 8:34 | Ziggurat |
| 8:39 | Ziggurat |
| 9:08 | Acolyte |
| 9:08 | Acolyte |
| 9:09 | Acolyte |
| 9:10 | Acolyte |
| 9:15 | Cannibalize |
| 9:20 | Spirit Tower |
| 9:23 | Nerubian Tower |
| 9:46 | Creature Attack |
| 9:48 | Creature Carapace |
| 9:50 | Spirit Tower |
| 9:54 | Ziggurat |
| 10:12 | Ghoul |
| 10:51 | Crypt Fiend |
| 10:52 | Crypt Fiend |
| 11:07 | Acolyte |
| 11:11 | Ziggurat |
| 11:13 | Ziggurat |
| 11:51 | Ziggurat |
| 12:05 | Acolyte |
| 12:29 | Halls of the Dead |
| 12:32 | Crypt Fiend |
| 12:33 | Ghoul |
| 12:35 | Ghoul |
| 12:58 | Forest Troll Shadow Priest |
| 13:04 | Ogre Mauler |
| 13:44 | Nerubian Tower |
| 13:45 | Spirit Tower |
| 13:47 | Spirit Tower |
| 15:14 | Ghoul |
| 15:14 | Ghoul |
| 15:18 | Acolyte |
| 15:18 | Acolyte |
| 15:18 | Acolyte |
| 15:21 | Acolyte |
| 15:51 | Gargoyle |
| 15:56 | Web |
| 16:03 | Spirit Tower |
| 16:38 | Sleep |
| 17:21 | Black Citadel |
| 20:04 | Boneyard |
| 20:10 | Boneyard |
| 20:26 | Ziggurat |
| 20:41 | Ziggurat |
| 20:44 | Ziggurat |
| 21:27 | Ziggurat |
| 21:30 | Ziggurat |
| 21:41 | Ziggurat |
| 21:44 | Ziggurat |
| 21:47 | Ziggurat |
| 22:11 | Ziggurat |
| 22:24 | Freezing Breath |
| 22:25 | Frost Wyrm |
| 22:28 | Frost Wyrm |
| 23:13 | Spirit Tower |
| 23:19 | Spirit Tower |
| 25:03 | Frost Wyrm |
| 25:14 | Ziggurat |
| 25:47 | Improved Creature Carapace |
| 26:47 | Frost Wyrm |
| 27:12 | Frost Wyrm |
| 28:10 | Crypt Fiend |
| 28:40 | Stone Form |
| 29:22 | Crypt Fiend |
| 32:02 | Crypt Fiend |
| 33:29 | Necropolis |
| 35:13 | Crypt Fiend |
| 35:13 | Crypt Fiend |
| 35:30 | Death Coil |
| 35:40 | Carrion Swarm |
| 36:46 | Acolyte |
| 36:46 | Acolyte |
| 36:46 | Acolyte |
| 36:47 | Acolyte |
| 36:47 | Acolyte |
| 36:55 | Crypt Fiend |
| 37:47 | Crypt Fiend |
| 37:48 | Crypt Fiend |
| 38:10 | Ziggurat |
| 38:29 | Halls of the Dead |
| 40:30 | Crypt Fiend |
| 40:31 | Crypt Fiend |
| 40:50 | Acolyte |
| 40:51 | Acolyte |
| 40:51 | Acolyte |
| 40:52 | Acolyte |
| 40:58 | Slaughterhouse |
| 41:01 | Slaughterhouse |
| 42:06 | Meat Wagon |
| 42:06 | Meat Wagon |
| 42:08 | Meat Wagon |
| 42:29 | Crypt Fiend |
| 43:53 | Crypt Fiend |
| 43:53 | Crypt Fiend |
| 44:23 | Unholy Aura |
| 45:23 | Crypt Fiend |
| 45:23 | Crypt Fiend |
| 46:19 | Meat Wagon |
| 48:33 | Crypt Fiend |
| 48:38 | Meat Wagon |
| 48:38 | Meat Wagon |
| 49:24 | Exhume Corpses |
| 51:40 | Crypt Fiend |
| 51:46 | Meat Wagon |
| 52:53 | Meat Wagon |
| 53:23 | Crypt Fiend |
| Right click | 1283 |
| Select | 737 |
| Select group | 670 |
| Misc. action | 348 |
| Build/train/purchase | 118 |
| Assign group | 95 |
| Use ability | 24 |
| Esc | 14 |
| Remove unit | 6 |

| Peasant | 21 | 1575 | / | 0 |
| Rifleman | 28 | 5740 | / | 840 |
| Mortar Team | 6 | 1080 | / | 420 |
| total: | 55 | 8395g | / | 1260w |
| Scout Tower | 7 | 210 | / | 140 |
| Guard Tower | 5 | 350 | / | 250 |
| Altar of Kings | 1 | 180 | / | 50 |
| Farm | 14 | 1120 | / | 280 |
| Blacksmith | 1 | 140 | / | 60 |
| Barracks | 1 | 160 | / | 60 |
| Lumber Mill | 1 | 120 | / | 0 |
| Town Hall | 3 | 1155 | / | 615 |
| Workshop | 1 | 140 | / | 140 |
| Gryphon Aviary | 1 | 140 | / | 150 |
| Keep | 1 | 320 | / | 210 |
| Castle | 1 | 360 | / | 210 |
| total: | 30 | 3365g | / | 1495w |
| 0:08 | Peasant |
| 0:24 | Altar of Kings |
| 0:26 | Peasant |
| 0:41 | Farm |
| 0:42 | Peasant |
| 0:56 | Blacksmith |
| 0:59 | Peasant |
| 1:18 | Barracks |
| 1:21 | Peasant |
| 1:25 | Peasant |
| 1:38 | Peasant |
| 1:56 | Farm |
| 1:59 | Peasant |
| 2:26 | Farm |
| 2:36 | Rifleman |
| 2:55 | Rifleman |
| 2:58 | Peasant |
| 3:13 | Farm |
| 3:28 | Lumber Mill |
| 3:39 | Rifleman |
| 3:45 | Devotion Aura |
| 3:56 | Farm |
| 4:14 | Rifleman |
| 4:28 | Scout Tower |
| 4:39 | Farm |
| 4:47 | Rifleman |
| 5:42 | Farm |
| 5:49 | Rifleman |
| 5:51 | Guard Tower |
| 6:31 | Rifleman |
| 6:36 | Divine Shield |
| 6:53 | Farm |
| 6:53 | Black Gunpowder |
| 7:05 | Rifleman |
| 7:14 | Peasant |
| 7:32 | Scout Tower |
| 7:36 | Improved Masonry |
| 7:38 | Peasant |
| 7:48 | Rifleman |
| 7:51 | Scout Tower |
| 7:56 | Peasant |
| 8:14 | Keep |
| 8:18 | Studded Leather Armor |
| 8:21 | Guard Tower |
| 8:41 | Rifleman |
| 9:19 | Rifleman |
| 9:26 | Farm |
| 9:37 | Rifleman |
| 10:36 | Farm |
| 10:40 | Long Rifles |
| 10:41 | Rifleman |
| 11:28 | Refined Gunpowder |
| 11:31 | Rifleman |
| 12:13 | Rifleman |
| 12:15 | Reinforced Leather Armor |
| 13:24 | Town Hall |
| 13:33 | Town Hall |
| 13:37 | Rifleman |
| 13:37 | Rifleman |
| 14:47 | Devotion Aura |
| 15:07 | Peasant |
| 15:10 | Farm |
| 15:31 | Rifleman |
| 15:31 | Rifleman |
| 16:22 | Farm |
| 16:28 | Rifleman |
| 16:41 | Peasant |
| 16:41 | Peasant |
| 16:47 | Scout Tower |
| 17:01 | Castle |
| 17:27 | Workshop |
| 17:34 | Guard Tower |
| 17:40 | Peasant |
| 18:30 | Peasant |
| 18:44 | Mortar Team |
| 18:44 | Mortar Team |
| 18:51 | Scout Tower |
| 19:18 | Scout Tower |
| 19:22 | Scout Tower |
| 19:24 | Guard Tower |
| 19:59 | Guard Tower |
| 20:02 | Advanced Masonry |
| 21:13 | Mortar Team |
| 21:17 | Imbued Gunpowder |
| 21:22 | Farm |
| 21:28 | Peasant |
| 21:28 | Peasant |
| 21:29 | Peasant |
| 22:53 | Rifleman |
| 22:53 | Rifleman |
| 22:53 | Rifleman |
| 22:54 | Rifleman |
| 23:07 | Mortar Team |
| 23:10 | Rifleman |
| 23:10 | Rifleman |
| 23:49 | Mortar Team |
| 27:24 | Peasant |
| 28:05 | Town Hall |
| 28:15 | Farm |
| 28:40 | Gryphon Aviary |
| 29:22 | Rifleman |
| 29:22 | Rifleman |
| 29:47 | Mortar Team |
| 29:51 | Dragonhide Armor |
| Right click | 1700 |
| Select | 317 |
| Select group | 262 |
| Build/train/purchase | 120 |
| Chat | 23 |
| Assign group | 13 |
| Resource trade | 8 |
| Use ability | 5 |
⇛
rkffo11
(51:39) : 
| Healing Salve | 9 | 900 |
| Lesser Clarity Potion | 11 | 770 |
| Potion of Mana | 1 | 200 |
| Orb of Lightning | 1 | 375 |
| Tiny Great Hall | 3 | 1800 |
| Potion of Healing | 2 | 300 |
| Scroll of Town Portal | 5 | 1750 |
| Scroll of Healing | 2 | 500 |
| Dust of Appearance | 1 | 75 |
| Potion of Lesser Invulnerability | 2 | 300 |
| total: | 37 | 6970g |
| Peon | 41 | 3075 | / | 0 |
| Grunt | 24 | 4800 | / | 0 |
| Raider | 13 | 2340 | / | 520 |
| Tauren | 3 | 840 | / | 240 |
| Demolisher | 9 | 1980 | / | 450 |
| Troll Batrider | 14 | 2240 | / | 560 |
| total: | 104 | 15275g | / | 1770w |
| Watch Tower | 53 | 5830 | / | 4240 |
| Barracks | 3 | 540 | / | 150 |
| Altar of Storms | 2 | 360 | / | 100 |
| Orc Burrow | 12 | 1920 | / | 480 |
| Voodoo Lounge | 4 | 520 | / | 120 |
| War Mill | 2 | 410 | / | 0 |
| Great Hall | 4 | 1540 | / | 740 |
| Beastiary | 3 | 435 | / | 420 |
| Tauren Totem | 2 | 270 | / | 310 |
| Spirit Lodge | 1 | 150 | / | 150 |
| Stronghold | 3 | 945 | / | 570 |
| Fortress | 4 | 1300 | / | 760 |
| total: | 86 | 11975g | / | 6710w |
| 0:02 | Peon |
| 0:03 | Peon |
| 0:03 | Peon |
| 0:19 | Barracks |
| 0:25 | Altar of Storms |
| 0:28 | Orc Burrow |
| 0:31 | Peon |
| 0:31 | Peon |
| 0:31 | Peon |
| 0:31 | Peon |
| 0:31 | Peon |
| 0:31 | Peon |
| 0:31 | Peon |
| 0:43 | Peon |
| 0:52 | Peon |
| 1:20 | Grunt |
| 1:20 | Grunt |
| 1:20 | Grunt |
| 1:20 | Grunt |
| 1:20 | Grunt |
| 1:20 | Grunt |
| 1:20 | Grunt |
| 1:32 | Orc Burrow |
| 1:47 | Grunt |
| 1:47 | Grunt |
| 1:47 | Grunt |
| 1:47 | Grunt |
| 1:47 | Grunt |
| 1:47 | Grunt |
| 1:47 | Grunt |
| 2:04 | Voodoo Lounge |
| 2:24 | Shockwave |
| 2:24 | Grunt |
| 2:28 | Peon |
| 3:01 | Stronghold |
| 3:18 | Endurance Aura |
| 3:20 | Grunt |
| 3:26 | Healing Salve |
| 3:26 | Lesser Clarity Potion |
| 3:31 | Healing Salve |
| 3:31 | Lesser Clarity Potion |
| 3:37 | Lesser Clarity Potion |
| 3:38 | Lesser Clarity Potion |
| 3:38 | Lesser Clarity Potion |
| 3:38 | Lesser Clarity Potion |
| 3:38 | Lesser Clarity Potion |
| 3:38 | Lesser Clarity Potion |
| 3:38 | Lesser Clarity Potion |
| 3:56 | Grunt |
| 3:56 | Grunt |
| 3:56 | Grunt |
| 3:56 | Grunt |
| 3:56 | Grunt |
| 3:56 | Grunt |
| 3:56 | Grunt |
| 4:24 | War Mill |
| 4:43 | Orc Burrow |
| 5:25 | Pillage |
| 5:26 | Berserker Strength |
| 5:28 | Beastiary |
| 5:35 | Shockwave |
| 5:54 | Healing Salve |
| 5:54 | Healing Salve |
| 6:00 | Potion of Mana |
| 6:01 | Lesser Clarity Potion |
| 6:15 | Steel Melee Weapons |
| 6:39 | Raider |
| 6:41 | Grunt |
| 6:51 | Fortress |
| 7:17 | Raider |
| 7:21 | Reinforced Defenses |
| 7:52 | Ensnare |
| 7:55 | Orc Burrow |
| 8:08 | Endurance Aura |
| 8:59 | Raider |
| 9:01 | Tauren Totem |
| 9:22 | Steel Armor |
| 9:23 | Peon |
| 9:23 | Peon |
| 9:23 | Peon |
| 10:03 | Peon |
| 10:03 | Peon |
| 10:03 | Peon |
| 10:17 | Orb of Lightning |
| 10:19 | Tiny Great Hall |
| 10:40 | Watch Tower |
| 10:43 | Watch Tower |
| 10:59 | Peon |
| 10:59 | Peon |
| 11:08 | Watch Tower |
| 11:18 | Watch Tower |
| 11:20 | Peon |
| 11:31 | Shockwave |
| 11:49 | Healing Salve |
| 11:54 | Healing Salve |
| 11:59 | Potion of Healing |
| 12:03 | Watch Tower |
| 12:05 | Peon |
| 12:27 | Watch Tower |
| 12:29 | Thorium Armor |
| 12:31 | Peon |
| 12:31 | Peon |
| 13:05 | Watch Tower |
| 13:12 | Tauren |
| 13:13 | Raider |
| 13:15 | Peon |
| 13:16 | Orc Burrow |
| 13:24 | Orc Burrow |
| 13:27 | Peon |
| 13:38 | Pulverize |
| 13:39 | Peon |
| 13:49 | Watch Tower |
| 14:50 | Watch Tower |
| 14:52 | Watch Tower |
| 14:53 | Watch Tower |
| 15:38 | Tauren |
| 15:40 | Raider |
| 15:46 | Spirit Lodge |
| 15:48 | Arcanite Armor |
| 16:42 | Voodoo Lounge |
| 16:45 | Demolisher |
| 16:47 | Demolisher |
| 17:54 | Watch Tower |
| 17:55 | Watch Tower |
| 18:56 | Watch Tower |
| 18:57 | Watch Tower |
| 18:58 | Watch Tower |
| 18:59 | Watch Tower |
| 19:00 | Watch Tower |
| 19:32 | Great Hall |
| 19:38 | Watch Tower |
| 19:55 | Watch Tower |
| 20:02 | Watch Tower |
| 20:57 | Watch Tower |
| 20:58 | Watch Tower |
| 21:00 | Watch Tower |
| 21:06 | Reincarnation |
| 21:31 | Watch Tower |
| 21:40 | War Mill |
| 22:05 | Great Hall |
| 22:42 | Scroll of Town Portal |
| 22:44 | Scroll of Healing |
| 23:14 | Watch Tower |
| 23:14 | Watch Tower |
| 23:15 | Watch Tower |
| 24:22 | Watch Tower |
| 24:24 | Watch Tower |
| 24:24 | Watch Tower |
| 24:25 | Watch Tower |
| 24:34 | Voodoo Lounge |
| 24:41 | Scroll of Town Portal |
| 24:41 | Scroll of Healing |
| 24:54 | Orc Burrow |
| 25:06 | Stronghold |
| 25:25 | Orc Burrow |
| 25:27 | Spiked Barricades |
| 26:20 | Orc Burrow |
| 26:56 | Watch Tower |
| 26:58 | Watch Tower |
| 27:01 | Watch Tower |
| 27:03 | Watch Tower |
| 27:13 | Altar of Storms |
| 27:30 | Beastiary |
| 27:44 | Peon |
| 27:44 | Peon |
| 27:44 | Peon |
| 28:01 | Improved Spiked Barricades |
| 28:12 | Peon |
| 28:12 | Peon |
| 28:41 | Fortress |
| 28:59 | Watch Tower |
| 29:00 | Troll Batrider |
| 29:16 | Beastiary |
| 29:25 | Peon |
| 29:25 | Peon |
| 29:25 | Peon |
| 29:25 | Peon |
| 29:26 | Peon |
| 29:26 | Peon |
| 29:26 | Peon |
| 29:26 | Peon |
| 29:40 | Voodoo Lounge |
| 30:03 | Watch Tower |
| 30:06 | Watch Tower |
| 30:30 | Raider |
| 30:30 | Raider |
| 30:33 | Watch Tower |
| 30:45 | Raider |
| 31:01 | Tiny Great Hall |
| 31:01 | Tiny Great Hall |
| 31:07 | Thorium Melee Weapons |
| 31:25 | Endurance Aura |
| 31:32 | Watch Tower |
| 31:34 | Watch Tower |
| 31:35 | Watch Tower |
| 31:37 | Watch Tower |
| 31:50 | Watch Tower |
| 31:50 | Watch Tower |
| 32:18 | Healing Salve |
| 32:30 | Troll Batrider |
| 32:30 | Troll Batrider |
| 32:57 | Watch Tower |
| 32:58 | Watch Tower |
| 34:07 | Orc Burrow |
| 35:04 | Great Hall |
| 35:23 | Troll Batrider |
| 35:23 | Troll Batrider |
| 35:43 | Raider |
| 36:11 | Raider |
| 36:55 | Raider |
| 37:01 | Arcanite Melee Weapons |
| 37:38 | Great Hall |
| 37:51 | Orc Burrow |
| 38:41 | Troll Batrider |
| 39:00 | Scroll of Town Portal |
| 39:02 | Healing Salve |
| 39:34 | Dust of Appearance |
| 39:38 | Tauren Totem |
| 39:41 | Raider |
| 39:41 | Troll Batrider |
| 39:51 | Watch Tower |
| 39:51 | Watch Tower |
| 39:52 | Watch Tower |
| 40:29 | Raider |
| 40:38 | Scroll of Town Portal |
| 40:47 | Potion of Lesser Invulnerability |
| 40:53 | Watch Tower |
| 40:56 | Watch Tower |
| 42:03 | Troll Batrider |
| 42:03 | Troll Batrider |
| 42:09 | Tauren |
| 42:11 | War Stomp |
| 42:44 | Troll Batrider |
| 43:19 | Troll Batrider |
| 44:28 | Potion of Healing |
| 44:38 | Healing Salve |
| 44:38 | Lesser Clarity Potion |
| 44:46 | Scroll of Town Portal |
| 44:52 | Troll Batrider |
| 44:57 | Potion of Lesser Invulnerability |
| 45:27 | Barracks |
| 46:11 | Barracks |
| 46:26 | Troll Batrider |
| 46:29 | Troll Batrider |
| 48:11 | Demolisher |
| 48:12 | Demolisher |
| 48:12 | Demolisher |
| 48:12 | Demolisher |
| 48:13 | Demolisher |
| 48:16 | Orc Burrow |
| 49:49 | Steel Ranged Weapons |
| 50:41 | Demolisher |
| 51:37 | Demolisher |
| Right click | 2376 |
| Select group | 1808 |
| Select | 573 |
| Build/train/purchase | 301 |
| Use ability | 194 |
| Misc. action | 158 |
| Assign group | 32 |
| Item give/drop | 10 |
| Resource trade | 9 |
| Esc | 3 |
| Minimap ping | 3 |
106 units @ 11.6k
/ 1.6k
164 buildings @ 11.3k
/ 5.4k



| Lesser Clarity Potion | 1 | 70 |
| Boots of Speed | 5 | 1250 |
| Orb of Lightning | 2 | 750 |
| total: | 8 | 2070g |
| Peasant | 20 | 1500 | / | 0 |
| Mortar Team | 6 | 1080 | / | 420 |
| Flying Machine | 18 | 1800 | / | 540 |
| total: | 44 | 4380g | / | 960w |
| Scout Tower | 41 | 1230 | / | 820 |
| Arcane Tower | 14 | 980 | / | 700 |
| Guard Tower | 11 | 770 | / | 550 |
| Altar of Kings | 2 | 360 | / | 100 |
| Farm | 16 | 1280 | / | 320 |
| Lumber Mill | 1 | 120 | / | 0 |
| Town Hall | 1 | 385 | / | 205 |
| Blacksmith | 1 | 140 | / | 60 |
| Cannon Tower | 4 | 480 | / | 400 |
| Workshop | 3 | 420 | / | 420 |
| Keep | 1 | 320 | / | 210 |
| Castle | 1 | 360 | / | 210 |
| total: | 65 | 3935g | / | 1925w |
| 0:03 | Peasant |
| 0:09 | Peasant |
| 0:18 | Altar of Kings |
| 0:19 | Peasant |
| 0:34 | Farm |
| 0:35 | Peasant |
| 0:49 | Lumber Mill |
| 0:50 | Peasant |
| 0:51 | Peasant |
| 1:04 | Farm |
| 1:07 | Peasant |
| 1:22 | Peasant |
| 1:29 | Scout Tower |
| 1:32 | Peasant |
| 1:38 | Peasant |
| 1:52 | Improved Lumber Harvesting |
| 1:58 | Arcane Tower |
| 1:59 | Peasant |
| 2:17 | Storm Bolt |
| 2:24 | Peasant |
| 2:34 | Farm |
| 2:34 | Farm |
| 2:41 | Peasant |
| 3:16 | Town Hall |
| 3:30 | Peasant |
| 3:31 | Peasant |
| 3:33 | Scout Tower |
| 3:35 | Scout Tower |
| 3:48 | Scout Tower |
| 3:50 | Scout Tower |
| 3:53 | Peasant |
| 4:26 | Guard Tower |
| 4:27 | Scout Tower |
| 4:30 | Guard Tower |
| 4:32 | Scout Tower |
| 4:32 | Scout Tower |
| 4:33 | Scout Tower |
| 4:36 | Peasant |
| 4:44 | Keep |
| 4:47 | Peasant |
| 5:01 | Guard Tower |
| 5:07 | Guard Tower |
| 5:10 | Scout Tower |
| 5:10 | Scout Tower |
| 5:16 | Peasant |
| 5:17 | Peasant |
| 5:38 | Guard Tower |
| 5:50 | Guard Tower |
| 5:51 | Guard Tower |
| 6:10 | Blacksmith |
| 6:16 | Bash |
| 6:17 | Bash |
| 6:35 | Guard Tower |
| 6:39 | Scout Tower |
| 6:40 | Scout Tower |
| 6:41 | Scout Tower |
| 7:18 | Guard Tower |
| 7:24 | Holy Light |
| 7:30 | Advanced Lumber Harvesting |
| 7:30 | Improved Masonry |
| 7:32 | Castle |
| 7:47 | Workshop |
| 7:51 | Workshop |
| 8:01 | Black Gunpowder |
| 8:02 | Iron Plating |
| 8:32 | Guard Tower |
| 8:56 | Holy Light |
| 9:21 | Flak Cannons |
| 9:22 | Flare |
| 9:24 | Refined Gunpowder |
| 9:41 | Mortar Team |
| 9:52 | Scout Tower |
| 9:53 | Scout Tower |
| 9:55 | Scout Tower |
| 9:55 | Scout Tower |
| 10:10 | Scout Tower |
| 10:11 | Scout Tower |
| 10:12 | Scout Tower |
| 10:24 | Advanced Masonry |
| 10:28 | Flying Machine Bombs |
| 10:29 | Fragmentation Shards |
| 10:52 | Arcane Tower |
| 10:53 | Cannon Tower |
| 10:55 | Arcane Tower |
| 10:57 | Scout Tower |
| 10:59 | Scout Tower |
| 11:01 | Cannon Tower |
| 11:18 | Arcane Tower |
| 11:19 | Cannon Tower |
| 11:33 | Imbued Gunpowder |
| 11:39 | Farm |
| 11:40 | Farm |
| 12:14 | Imbued Masonry |
| 12:21 | Farm |
| 12:22 | Farm |
| 12:26 | Cannon Tower |
| 12:31 | Guard Tower |
| 12:35 | Scout Tower |
| 12:36 | Scout Tower |
| 12:36 | Scout Tower |
| 12:43 | Mortar Team |
| 12:47 | Steel Plating |
| 13:21 | Workshop |
| 13:27 | Flying Machine |
| 13:27 | Flying Machine |
| 13:40 | Arcane Tower |
| 13:52 | Farm |
| 13:53 | Farm |
| 13:56 | Flying Machine |
| 13:56 | Flying Machine |
| 13:57 | Flying Machine |
| 13:57 | Flying Machine |
| 14:01 | Arcane Tower |
| 14:44 | Flying Machine |
| 14:45 | Flying Machine |
| 14:45 | Flying Machine |
| 15:10 | Flying Machine |
| 15:11 | Flying Machine |
| 15:11 | Flying Machine |
| 15:48 | Flying Machine |
| 16:24 | Flying Machine |
| 16:24 | Flying Machine |
| 16:32 | Farm |
| 16:37 | Farm |
| 16:39 | Mithril Plating |
| 18:43 | Studded Leather Armor |
| 19:43 | Divine Shield |
| 19:44 | Storm Bolt |
| 20:05 | Scout Tower |
| 20:07 | Scout Tower |
| 20:08 | Scout Tower |
| 20:51 | Scout Tower |
| 20:52 | Scout Tower |
| 20:53 | Scout Tower |
| 20:54 | Scout Tower |
| 20:55 | Scout Tower |
| 20:56 | Scout Tower |
| 21:19 | Arcane Tower |
| 21:24 | Scout Tower |
| 21:27 | Scout Tower |
| 21:28 | Scout Tower |
| 21:31 | Arcane Tower |
| 21:36 | Arcane Tower |
| 21:39 | Farm |
| 21:40 | Farm |
| 21:41 | Farm |
| 21:43 | Farm |
| 21:57 | Arcane Tower |
| 22:13 | Storm Bolt |
| 22:16 | Arcane Tower |
| 24:25 | Altar of Kings |
| 26:54 | Divine Shield |
| 26:59 | Flying Machine |
| 27:00 | Flying Machine |
| 27:01 | Flying Machine |
| 27:03 | Arcane Tower |
| 27:06 | Scout Tower |
| 27:08 | Scout Tower |
| 27:09 | Scout Tower |
| 27:36 | Reinforced Leather Armor |
| 27:38 | Arcane Tower |
| 29:32 | Arcane Tower |
| 31:01 | Holy Light |
| 31:35 | Bash |
| 31:37 | Bash |
| 31:37 | Holy Light |
| 32:03 | Boots of Speed |
| 32:04 | Boots of Speed |
| 36:48 | Orb of Lightning |
| 37:38 | Boots of Speed |
| 37:38 | Boots of Speed |
| 37:42 | Boots of Speed |
| 41:48 | Divine Shield |
| 42:13 | Orb of Lightning |
| 42:17 | Lesser Clarity Potion |
| 42:47 | Mortar Team |
| 45:23 | Mortar Team |
| 45:23 | Mortar Team |
| 47:38 | Brilliance Aura |
| 48:24 | Divine Shield |
| 50:18 | Storm Bolt |
| 53:04 | Mortar Team |
| 55:29 | Holy Light |
| 55:50 | Avatar |
| 56:20 | Holy Light |
| Right click | 3172 |
| Select group | 1421 |
| Select | 551 |
| Use ability | 208 |
| Build/train/purchase | 174 |
| Misc. action | 149 |
| Minimap ping | 18 |
| Assign group | 15 |
| Item give/drop | 4 |
| Esc | 4 |



| Peasant | 13 | 975 | / | 0 |
| Dragonhawk Rider | 14 | 2800 | / | 420 |
| Sorceress | 4 | 620 | / | 80 |
| Priest | 3 | 405 | / | 30 |
| total: | 34 | 4800g | / | 530w |
| Scout Tower | 55 | 1650 | / | 1100 |
| Guard Tower | 16 | 1120 | / | 800 |
| Arcane Tower | 17 | 1190 | / | 850 |
| Altar of Kings | 1 | 180 | / | 50 |
| Farm | 11 | 880 | / | 220 |
| Lumber Mill | 2 | 240 | / | 0 |
| Arcane Vault | 1 | 130 | / | 30 |
| Gryphon Aviary | 1 | 140 | / | 150 |
| Arcane Sanctum | 1 | 150 | / | 140 |
| Keep | 1 | 320 | / | 210 |
| Castle | 1 | 360 | / | 210 |
| total: | 72 | 3370g | / | 1690w |
| 0:03 | Peasant |
| 0:03 | Peasant |
| 0:07 | Altar of Kings |
| 0:10 | Farm |
| 0:11 | Farm |
| 0:17 | Peasant |
| 0:30 | Peasant |
| 0:48 | Farm |
| 0:58 | Lumber Mill |
| 1:02 | Peasant |
| 1:07 | Peasant |
| 1:21 | Peasant |
| 1:38 | Peasant |
| 1:38 | Peasant |
| 1:50 | Peasant |
| 1:55 | Peasant |
| 1:56 | Peasant |
| 1:56 | Peasant |
| 2:03 | Improved Lumber Harvesting |
| 2:17 | Storm Bolt |
| 2:34 | Improved Masonry |
| 3:10 | Scout Tower |
| 3:12 | Scout Tower |
| 3:13 | Scout Tower |
| 3:14 | Scout Tower |
| 3:19 | Scout Tower |
| 3:22 | Keep |
| 3:41 | Scout Tower |
| 3:44 | Scout Tower |
| 3:46 | Scout Tower |
| 3:54 | Scout Tower |
| 3:55 | Scout Tower |
| 3:56 | Scout Tower |
| 3:56 | Scout Tower |
| 4:04 | Scout Tower |
| 4:08 | Scout Tower |
| 4:10 | Scout Tower |
| 4:12 | Scout Tower |
| 4:15 | Guard Tower |
| 4:18 | Guard Tower |
| 4:36 | Guard Tower |
| 4:41 | Scout Tower |
| 4:41 | Scout Tower |
| 4:42 | Scout Tower |
| 4:43 | Scout Tower |
| 4:54 | Scout Tower |
| 4:57 | Scout Tower |
| 4:58 | Scout Tower |
| 4:59 | Scout Tower |
| 5:00 | Scout Tower |
| 5:04 | Arcane Tower |
| 5:10 | Guard Tower |
| 5:33 | Guard Tower |
| 5:36 | Guard Tower |
| 5:37 | Scout Tower |
| 5:39 | Scout Tower |
| 5:42 | Arcane Tower |
| 5:45 | Guard Tower |
| 5:53 | Advanced Masonry |
| 6:06 | Castle |
| 6:17 | Guard Tower |
| 6:19 | Guard Tower |
| 6:34 | Guard Tower |
| 6:39 | Scout Tower |
| 6:40 | Scout Tower |
| 6:43 | Scout Tower |
| 6:54 | Gryphon Aviary |
| 7:04 | Arcane Vault |
| 7:07 | Guard Tower |
| 7:12 | Arcane Tower |
| 7:13 | Arcane Tower |
| 7:21 | Scout Tower |
| 7:22 | Scout Tower |
| 7:22 | Scout Tower |
| 7:32 | Scout Tower |
| 7:34 | Guard Tower |
| 8:12 | Guard Tower |
| 8:19 | Lumber Mill |
| 8:23 | Guard Tower |
| 8:28 | Scout Tower |
| 8:29 | Scout Tower |
| 8:31 | Scout Tower |
| 8:31 | Scout Tower |
| 8:40 | Farm |
| 8:53 | Cloud |
| 8:55 | Dragonhawk Rider |
| 9:22 | Farm |
| 9:37 | Imbued Masonry |
| 9:48 | Arcane Tower |
| 9:49 | Guard Tower |
| 9:51 | Scout Tower |
| 9:53 | Guard Tower |
| 10:14 | Scout Tower |
| 10:15 | Scout Tower |
| 10:56 | Dragonhawk Rider |
| 10:56 | Dragonhawk Rider |
| 10:59 | Arcane Tower |
| 11:58 | Arcane Sanctum |
| 12:36 | Scout Tower |
| 12:37 | Scout Tower |
| 12:37 | Scout Tower |
| 12:38 | Scout Tower |
| 12:40 | Scout Tower |
| 12:41 | Scout Tower |
| 12:42 | Scout Tower |
| 12:43 | Scout Tower |
| 12:50 | Scout Tower |
| 12:54 | Scout Tower |
| 12:55 | Scout Tower |
| 12:56 | Scout Tower |
| 13:10 | Magic Sentry |
| 13:11 | Sorceress Adept Training |
| 13:12 | Sorceress |
| 13:12 | Sorceress |
| 13:25 | Arcane Tower |
| 13:30 | Arcane Tower |
| 13:48 | Arcane Tower |
| 13:50 | Arcane Tower |
| 13:52 | Arcane Tower |
| 13:54 | Arcane Tower |
| 13:59 | Scout Tower |
| 14:02 | Scout Tower |
| 14:04 | Arcane Tower |
| 14:15 | Arcane Tower |
| 14:17 | Arcane Tower |
| 14:57 | Arcane Tower |
| 15:15 | Farm |
| 15:17 | Farm |
| 15:20 | Farm |
| 16:15 | Arcane Tower |
| 20:01 | Farm |
| 20:05 | Farm |
| 20:08 | Farm |
| 22:08 | Dragonhawk Rider |
| 22:08 | Dragonhawk Rider |
| 22:08 | Dragonhawk Rider |
| 27:09 | Dragonhawk Rider |
| 27:09 | Dragonhawk Rider |
| 32:33 | Dragonhawk Rider |
| 32:34 | Dragonhawk Rider |
| 36:37 | Sorceress |
| 36:38 | Sorceress |
| 43:05 | Dragonhawk Rider |
| 43:05 | Dragonhawk Rider |
| 43:05 | Dragonhawk Rider |
| 43:06 | Dragonhawk Rider |
| 53:14 | Storm Bolt |
| 57:30 | Avatar |
| 60:46 | Priest |
| 60:46 | Priest |
| 60:46 | Priest |
| 62:21 | Resurrection |
| 62:30 | Resurrection |
| 62:40 | Brilliance Aura |
| Right click | 2822 |
| Select group | 2405 |
| Select | 544 |
| Use ability | 201 |
| Build/train/purchase | 148 |
| Assign group | 48 |
| Misc. action | 30 |
| Minimap ping | 17 |
| Resource trade | 12 |
| Chat | 8 |
| Esc | 2 |
Cabeelibob
(194)
(63:55) : 

| Lesser Clarity Potion | 11 | 770 |
| Healing Salve | 1 | 100 |
| Orb of Lightning | 1 | 375 |
| Tiny Great Hall | 3 | 1800 |
| Potion of Mana | 4 | 800 |
| Staff of Teleportation | 1 | 150 |
| Boots of Speed | 1 | 250 |
| Potion of Lesser Invulnerability | 4 | 600 |
| total: | 26 | 4845g |
| Peon | 24 | 1800 | / | 0 |
| Troll Witch Doctor | 4 | 580 | / | 100 |
| total: | 28 | 2380g | / | 100w |
| Watch Tower | 11 | 1210 | / | 880 |
| Altar of Storms | 3 | 540 | / | 150 |
| Orc Burrow | 4 | 640 | / | 160 |
| War Mill | 2 | 410 | / | 0 |
| Voodoo Lounge | 4 | 520 | / | 120 |
| Great Hall | 1 | 385 | / | 185 |
| Spirit Lodge | 2 | 300 | / | 300 |
| Stronghold | 1 | 315 | / | 190 |
| Fortress | 1 | 325 | / | 190 |
| total: | 27 | 4005g | / | 1795w |
| 0:06 | Altar of Storms |
| 0:10 | Orc Burrow |
| 0:11 | Peon |
| 0:22 | Peon |
| 0:41 | Peon |
| 1:01 | War Mill |
| 1:02 | Peon |
| 1:10 | Orc Burrow |
| 1:20 | Peon |
| 1:32 | Peon |
| 1:52 | Peon |
| 1:52 | Peon |
| 2:04 | Voodoo Lounge |
| 2:06 | Peon |
| 2:11 | Wind Walk |
| 2:22 | Peon |
| 2:26 | Watch Tower |
| 2:29 | Peon |
| 2:52 | Voodoo Lounge |
| 3:08 | Great Hall |
| 3:30 | Peon |
| 3:30 | Peon |
| 4:26 | Peon |
| 4:26 | Peon |
| 5:09 | Staff of Teleportation |
| 5:09 | Boots of Speed |
| 5:19 | Watch Tower |
| 5:37 | Lesser Clarity Potion |
| 5:37 | Healing Salve |
| 6:33 | Stronghold |
| 7:54 | Critical Strike |
| 8:04 | Orc Burrow |
| 9:08 | Fortress |
| 9:23 | Reinforced Defenses |
| 9:27 | Spiked Barricades |
| 9:31 | Lesser Clarity Potion |
| 11:27 | Spirit Lodge |
| 12:08 | Spirit Lodge |
| 12:53 | Improved Spiked Barricades |
| 13:04 | Orb of Lightning |
| 13:07 | Tiny Great Hall |
| 13:12 | Lesser Clarity Potion |
| 13:28 | Witch Doctor Adept Training |
| 14:07 | Critical Strike |
| 15:06 | War Mill |
| 15:08 | Witch Doctor Master Training |
| 15:14 | Orc Burrow |
| 16:42 | Voodoo Lounge |
| 16:45 | Watch Tower |
| 16:46 | Watch Tower |
| 16:48 | Watch Tower |
| 18:02 | Troll Witch Doctor |
| 18:02 | Troll Witch Doctor |
| 18:21 | Wind Walk |
| 18:45 | Watch Tower |
| 18:46 | Watch Tower |
| 18:47 | Watch Tower |
| 18:51 | Lesser Clarity Potion |
| 19:10 | Troll Witch Doctor |
| 19:10 | Troll Witch Doctor |
| 19:57 | Watch Tower |
| 20:00 | Watch Tower |
| 20:05 | Watch Tower |
| 20:59 | Critical Strike |
| 24:31 | Lesser Clarity Potion |
| 24:33 | Tiny Great Hall |
| 25:45 | Lesser Clarity Potion |
| 25:46 | Potion of Mana |
| 27:02 | Peon |
| 27:02 | Peon |
| 27:02 | Peon |
| 27:03 | Peon |
| 27:03 | Peon |
| 27:55 | Bladestorm |
| 28:07 | Potion of Lesser Invulnerability |
| 28:38 | Voodoo Lounge |
| 29:47 | Lesser Clarity Potion |
| 29:49 | Potion of Mana |
| 30:50 | Tiny Great Hall |
| 31:40 | Peon |
| 31:41 | Peon |
| 31:41 | Peon |
| 31:41 | Peon |
| 33:48 | Lesser Clarity Potion |
| 33:50 | Potion of Mana |
| 35:05 | Altar of Storms |
| 35:08 | Altar of Storms |
| 38:21 | Lesser Clarity Potion |
| 39:19 | Wind Walk |
| 41:56 | Lesser Clarity Potion |
| 41:59 | Potion of Mana |
| 43:21 | Potion of Lesser Invulnerability |
| 44:21 | Lesser Clarity Potion |
| 48:56 | Mirror Image |
| 49:04 | Potion of Lesser Invulnerability |
| 54:56 | Potion of Lesser Invulnerability |
| 55:38 | Mirror Image |
| 57:08 | Healing Spray |
| 57:45 | Blizzard |
| Right click | 2455 |
| Select | 262 |
| Misc. action | 242 |
| Select group | 195 |
| Build/train/purchase | 164 |
| Resource trade | 88 |
| Chat | 31 |
| Use ability | 19 |
| Minimap ping | 8 |
| Item give/drop | 5 |
| Assign group | 4 |
| Remove unit | 3 |
| Esc | 1 |